[Event "*** Titled Tuesday Blitz"]
[Site "Chess.com"]
[Date "2021.03.30"]
[Round "4"]
[White "AlexSuv"]
[Black "Sjakkerntobi"]
[Result "0-1"]
[WhiteElo "2555"]
[BlackElo "2403"]
[TimeControl "180+1"]
[EndTime "10:38:47 PDT"]
[Termination "Sjakkerntobi won by resignation"]

1. d4 e6 2. Nf3 Nf6 3. Bf4 d5 4. e3 c5 5. Nbd2 Nc6 6. c3 Bd6 7. Bg3 O-O 8. Bd3 b6 9. Qe2 Bb7 10. Rd1 Ne7 11. e4 dxe4 12. Nxe4 Nxe4 13. Bxe4 Bxe4 14.
Qxe4 Nd5 15. dxc5 Bxc5 16. O-O Qf6 17. Ne5 Rfd8 18. h4 Rac8 19. h5 Qf5 20. Qxf5 exf5 21. c4 Nf6 22. h6 g6 23. Rxd8+ Rxd8 24. Bh4 Rd6 25. Kh1 Ne4 26. f3 Nd2 27. Rc1 f6 28.
b4 Bxb4 29. c5 Bxc5 30. Nc4 Nxc4 31. Rxc4 g5 32. Bg3 Rd1+ 33. Kh2 f4 34. Bxf4 gxf4 35. Rxf4 Bd6 0-1

[Event "*** Titled Tuesday Blitz"]
[Site "Chess.com"]
[Date "2021.03.30"]
[Round "4"]
[White "thechesscorner64"]
[Black "Rodalquilar"]
[Result "0-1"]
[WhiteElo "2356"]
[BlackElo "2645"]
[TimeControl "180+1"]
[EndTime "10:38:47 PDT"]
[Termination "Rodalquilar won by checkmate"]

1. e4 d5 2. exd5 Qxd5 3. Nf3 Bg4 4. Be2 Nc6 5. d4 O-O-O 6. c4 Qf5 7. Be3 Nf6 8. Nc3 e5 9. d5 Nb4 10. O-O Nc2 11. Rc1 Nxe3 12. fxe3 Bc5 13. Qd2 Ne4 14. Nxe4 Qxe4 15. Rc3 f6 16. h3 h5 17. Rb3 Qg6 18. Kh1 e4 19. Nd4 Bd6 20. Qa5 Bxh3 21. gxh3 Qg3 22. Rf4 Qxh3+ 23. Kg1 Rh6 24. Kf2 Bxf4 25. exf4 Qh2+ 26. Ke1 Qg1+ 27. Bf1 Qxd4 28. c5 Rxd5 29. Qxa7 Qd2# 0-1

[Event "*** Titled Tuesday Blitz"]
[Site "Chess.com"]
[Date "2021.03.30"]
[Round "4"]
[White "Kostukov_Alex"]
[Black "Ave_Mariia"]
[Result "0-1"]
[WhiteElo "2301"]
[BlackElo "2496"]
[TimeControl "180+1"]
[EndTime "10:38:47 PDT"]
[Termination "Ave_Mariia won on time"]

1. g3 c5 2. Bg2 g6 3. c4 Bg7 4. Nf3 Nc6 5. O-O e5 6. Nc3 d6 7.
d3 Nge7 8. Ne1 Be6 9. Nd5 Rb8 10. Nc2 b5 11. Nxe7 Nxe7 12. cxb5 Rxb5 13. Na3 Rb8 14.
Qa4+ Qd7 15. Qxd7+ Kxd7 16. b3 e4 17. Rb1 exd3 18. exd3 Nd5 19. Bb2 Nc3 20. Bxc3 Bxc3 21. Nc2 d5 22. d4 Bf5 23. Rbc1 Bb2 24. Rb1 Bxd4 25. Rbc1 Bb2 26. Rb1 Bg7 27. Rbc1 Kd6 28. Rfd1 d4 29. Ne3 Be6 30. Nc4+ Bxc4 31. Rxc4 Rhe8 32.
h4 Re2 33. Ra4 c4 34. Rxc4 Rxa2 35. Rd3 Ra3 36. b4 Rxd3 0-1

[Event "*** Titled Tuesday Blitz"]
[Site "Chess.com"]
[Date "2021.03.30"]
[Round "4"]
[White "geordie_derraugh"]
[Black "rachidhuilda"]
[Result "1-0"]
[WhiteElo "2476"]
[BlackElo "2292"]
[TimeControl "180+1"]
[EndTime "10:38:47 PDT"]
[Termination "geordie_derraugh won on time"]

1. e4 c5 2. Nf3 e6 3. d3 a6 4. g3 b5 5. Bg2 Bb7 6. O-O Nc6 7. Re1 d6 8. Nbd2 Be7 9. a4 Qc7 10.
Nf1 Nf6 11. h4 O-O 12. Bf4 e5 13. Bg5 h6 14. Bxf6 Bxf6 15. Ne3 Nd4 16. c3 Nxf3+ 17. Qxf3 Bc8 18. axb5 Rb8 19. Nd5 Qd8 20. bxa6 Rxb2 21.
Nxf6+ gxf6 22. Bh3 Bxh3 23. a7 Qa8 24. g4 Rb7 25. Ra6 Rxa7 26. Rxd6 Ra1 27. Rxa1 Qxa1+ 28.
Kh2 Qxc3 29. Kxh3 c4 30. Kg2 cxd3 31. Qxf6 d2 32. Qxh6 1-0

[Event "*** Titled Tuesday Blitz"]
[Site "Chess.com"]
[Date "2021.03.30"]
[Round "4"]
[White "theredking89"]
[Black "GOGIEFF"]
[Result "0-1"]
[WhiteElo "2544"]
[BlackElo "2888"]
[TimeControl "180+1"]
[EndTime "10:38:48 PDT"]
[Termination "GOGIEFF won on time"]

1. Nf3 Nf6 2. g3 g6 3. Bg2 Bg7 4. O-O O-O 5. d4 Nc6 6. c4 a6 7.
Nc3 Rb8 8. d5 Na5 9. Qd3 b5 10. cxb5 axb5 11. b4 Nc4 12. e4 Nxe4 13. Nxb5 Rxb5 14. Qxc4 Nd6 15. Qd3 Bxa1 16. Bf4 Bf6 17.
Bxd6 Ba6 18. Bf4 Rb6 19. Qd2 Bxf1 20. Bxf1 Qa8 21. Bxc7 Rb7 22. d6 Rc8 23. Bg2 Rbxc7 24. dxc7 Rxc7 25. Nd4 Qc8 26. h4 Rc1+ 27. Kh2 Qc3 28.
Qxc3 Rxc3 29. Nb5 Rc2 30. a4 Rb2 31. a5 Rxb4 32. a6 Rxb5 33. a7 Ra5 34. a8=Q+ Rxa8 35. Bxa8 e6 36. Kg2 Kf8 37. Kf3 Bd4 38. h5 gxh5 39. Be4 h6 40. Ke2 Bf6 41. Bb7 h4 42. gxh4 Bxh4 43. f4 f5 44. Kf3 Ke7 45. Bc8 d5 46. Ke3 Be1 47. Ke2 Bb4 48. Ke3 Bd6 49. Ba6 Kf6 50. Be2 Bxf4+ 51. Kxf4 e5+ 52. Kf3 Kg5 53. Ba6 d4 54. Bb7 h5 55. Kg3 h4+ 56. Kf3 e4+ 57. Kg2 d3 0-1

[Event "*** Titled Tuesday Blitz"]
[Site "Chess.com"]
[Date "2021.03.30"]
[Round "4"]
[White "Nozdrachev_Leonid"]
[Black "MF1966Idrisov"]
[Result "1-0"]
[WhiteElo "2540"]
[BlackElo "2364"]
[TimeControl "180+1"]
[EndTime "10:38:48 PDT"]
[Termination "Nozdrachev_Leonid won on time"]

1. e4 c6 2. d4 d5 3. Nc3 dxe4 4. Nxe4 Nf6 5. Nxf6+ exf6 6. c3 Bd6 7. Bd3 O-O 8. Qc2 g6 9. h4 Re8+ 10. Ne2 c5 11. Be3 cxd4 12. Bxd4 Be5 13. O-O-O Nc6 14. Be3 Qa5 15. h5 f5 16. hxg6 hxg6 17. Kb1 Be6 18. Nc1 Rad8 19. g4 Bg7 20. gxf5 Bxf5 21. Bxf5 Qxf5 22. Qxf5 gxf5 23. Kc2 b6 24. Nd3 Ne5 25.
Nxe5 Rxd1 26. Rxd1 Bxe5 27. Rd7 f4 28. Bd2 Bb8 29. Kd3 Kg7 30. Rd4 Be5 31. Re4 f5 32. Re1 Rd8+ 33. Kc2 Kf6 34. Rh1 Rd7 35. Rh6+ Kg5 36.
Re6 Bc7 37. f3 Kh4 38. Rg6 Kh5 39. Rg8 Kh6 40. c4 Rg7 41. Rxg7 Kxg7 42. b4 Kh6 43. Kd3 Kh5 44. c5 bxc5 45. bxc5 Kh4 46. Bc3 Kg3 47.
Ke2 Kg2 48. Bf6 Kg3 49. Be7 Kg2 50. Bd6 Ba5 51. c6 1-0

[Event "*** Titled Tuesday Blitz"]
[Site "Chess.com"]
[Date "2021.03.30"]
[Round "4"]
[White "Fablibi"]
[Black "Fandorine"]
[Result "0-1"]
[WhiteElo "2724"]
[BlackElo "2881"]
[TimeControl "180+1"]
[EndTime "10:38:50 PDT"]
[Termination "Fandorine won by resignation"]

1. e4 g6 2. d4 Bg7 3. Nc3 d6 4. Be3 a6 5. Qd2 Nd7 6. h4 h5 7.
Nh3 b5 8. Ng5 Bb7 9. f3 e6 10.
g3 Ngf6 11. Bh3 Qe7 12. a4 b4 13. Ne2 a5 14. O-O O-O 15. Rad1 Rfd8 16. b3 c5 17. dxc5 dxc5 18. Qe1 Ba6 19. Qf2 Nh7 20. Rfe1 Rac8 21. Bf1 Ne5 22. Kg2 Nxg5 23. hxg5 c4 24. Nf4 Bb7 25. Bb6 Rxd1 26. Rxd1 Qxg5 27. Nh3 Qe7 28. Bxa5 g5 29. Re1 cxb3 30. cxb3 Rc3 31. Re3 g4 32.
fxg4 Nxg4 0-1

[Event "*** Titled Tuesday Blitz"]
[Site "Chess.com"]
[Date "2021.03.30"]
[Round "4"]
[White "anasta10"]
[Black "Nikolaj_6"]
[Result "0-1"]
[WhiteElo "2487"]
[BlackElo "2651"]
[TimeControl "180+1"]
[EndTime "10:38:52 PDT"]
[Termination "Nikolaj_6 won by resignation"]

1. d4 Nf6 2. c4 e6 3. Nc3 Bb4 4. Nf3 b6 5. g3 Ba6 6. Bg2 Bxc3+ 7. bxc3 Bxc4 8. O-O Bd5 9. Qd3 O-O 10. c4 Be4 11. Qc3 d6 12. Rd1 Nbd7 13. Bh3 Bxf3 14. Qxf3 d5 15. Bg2 Rc8 16. cxd5 exd5 17. Bf4 Re8 18.
Rac1 c6 19. Qd3 b5 20. Bf3 Nb6 21. Qa3 Qd7 22. Be5 Nc4 23. Qc3 Qf5 24. a4 a6 25. axb5 axb5 26. Bf4 Ne4 27. Qb4 g5 28. Rxc4 bxc4 29. Bc1 g4 30. Bxe4 Rxe4 31. Be3 Ree8 32. Ra1 Rb8 33. Qd6 Rb1+ 34. Rxb1 Qxb1+ 35. Kg2 Qe4+ 36. Kg1 Ra8 37. Bc1 Qxe2 38. Qf4 Qd1+ 0-1

[Event "*** Titled Tuesday Blitz"]
[Site "Chess.com"]
[Date "2021.03.30"]
[Round "4"]
[White "Mikhail_Golubev"]
[Black "German_Bazeev"]
[Result "1-0"]
[WhiteElo "2541"]
[BlackElo "2779"]
[TimeControl "180+1"]
[EndTime "10:38:53 PDT"]
[Termination "Mikhail_Golubev won by resignation"]

1. e4 c6 2. d4 d5 3. Nc3 dxe4 4. Nxe4 Nf6 5. Nxf6+ exf6 6. c3 Bd6 7. Bd3 O-O 8.
Ne2 Re8 9. Qc2 h5 10. O-O h4 11. h3 Nd7 12. Bd2 Nf8 13. Rae1 Ne6 14. f4 Nc7 15. c4 c5 16. d5 b5 17. b3 b4 18.
Kh1 Bd7 19. Ng1 Rxe1 20. Rxe1 Qc8 21. Nf3 Bxh3 22. gxh3 Qxh3+ 23. Nh2 Re8 24. Rxe8+ Nxe8 25. Bf5 Qg3 26. Qe4 Kf8 27. Qf3 g6 28. Bd7 Ng7 29.
Qxg3 hxg3 30. Nf1 Nh5 31. f5 Ke7 32. Bc8 Kd8 33. fxg6 Kxc8 34. gxf7 Bf8 35. Kg2 Kd7 36. Nxg3 Nxg3 37. Kxg3 Bd6+ 38. Bf4 Ke7 1-0

[Event "*** Titled Tuesday Blitz"]
[Site "Chess.com"]
[Date "2021.03.30"]
[Round "4"]
[White "Escanor89"]
[Black "Lyschko"]
[Result "1-0"]
[WhiteElo "2567"]
[BlackElo "2249"]
[TimeControl "180+1"]
[EndTime "10:38:54 PDT"]
[Termination "Escanor89 won on time"]

1. Nf3 d6 2. d4 Nf6 3. c4 Nbd7 4.
Nc3 e5 5. e4 Be7 6. Be2 O-O 7.
O-O c6 8. Re1 Qc7 9. Rb1 a6 10.
b4 b5 11. h3 exd4 12. Nxd4 Ne5 13. cxb5 axb5 14. Qb3 Bd7 15. f4 Ng6 16. Be3 Rfe8 17.
Rbc1 Qb7 18. Kh2 Bf8 19. Bf3 Nh4 20. Bf2 Nxf3+ 21. Nxf3 Be6 22. Qb2 Bc4 23. Bd4 Nh5 24.
Be3 Qb8 25. Qd2 d5 26. exd5 cxd5 27. Rb1 Bd6 28. g3 Ra3 29. Nd4 g6 30. Nc2 Ra8 31. Nxd5 Rxa2 32. Nc3 Bc7 33. Nxa2 Rd8 34. Nd4 1-0

[Event "*** Titled Tuesday Blitz"]
[Site "Chess.com"]
[Date "2021.03.30"]
[Round "4"]
[White "esteban062000"]
[Black "chessdiamant"]
[Result "0-1"]
[WhiteElo "2180"]
[BlackElo "2344"]
[TimeControl "180+1"]
[EndTime "10:38:54 PDT"]
[Termination "chessdiamant won by resignation"]

1. Nf3 c5 2. c4 Nc6 3. g3 g6 4. Bg2 Bg7 5. O-O Nh6 6. Nc3 O-O 7.
b3 d6 8. Bb2 Nf5 9. Rc1 Rb8 10.
Na4 Bd7 11. Bxg7 Kxg7 12. Nc3 a6 13. e3 b5 14. cxb5 axb5 15. d4 b4 16. Ne2 Qb6 17.
dxc5 dxc5 18. Qc2 Ra8 19. Rfd1 Rfd8 20. Rd2 Be8 21. Rcd1 Rxd2 22. Rxd2 f6 23. Nf4 Bf7 24.
Ne1 Rc8 25. Bd5 e5 26. Bxf7 exf4 27. Be6 fxe3 28. Bxc8 exd2 29. Qxd2 Nfd4 30. Nc2 Ne5 31. Nxd4 cxd4 32. Bh3 Nf3+ 0-1

[Event "*** Titled Tuesday Blitz"]
[Site "Chess.com"]
[Date "2021.03.30"]
[Round "4"]
[White "liczner"]
[Black "chess94cu"]
[Result "0-1"]
[WhiteElo "2808"]
[BlackElo "2592"]
[TimeControl "180+1"]
[EndTime "10:38:55 PDT"]
[Termination "chess94cu won by resignation"]

1. e4 e5 2. Nf3 Nc6 3. Bb5 a6 4. Bxc6 dxc6 5. O-O Bg4 6. h3 Bxf3 7. Qxf3 Qd7 8. d3 O-O-O 9. Nd2 f6 10. Nc4 h5 11.
Bd2 Bc5 12. b4 Bd4 13. Rab1 g5 14. Ne3 g4 15. Qf5 gxh3 16. gxh3 Ne7 17. Qxd7+ Kxd7 18. Kh2 Ke6 19. Rg1 Rhg8 20. Rxg8 Rxg8 21. Rg1 Rxg1 22. Kxg1 c5 23. Nf5 cxb4 24. Nxd4+ exd4 25. Bxb4 Nc6 26. Bd2 Ne5 27. Kg2 f5 28. Bf4 c5 29. Kg3 Ng6 30.
Bd2 b5 31. f3 b4 32. Bc1 a5 33. Bf4 h4+ 0-1

[Event "*** Titled Tuesday Blitz"]
[Site "Chess.com"]
[Date "2021.03.30"]
[Round "4"]
[White "Orest_Vovk"]
[Black "rasmussvane"]
[Result "0-1"]
[WhiteElo "2477"]
[BlackElo "2893"]
[TimeControl "180+1"]
[EndTime "10:38:55 PDT"]
[Termination "rasmussvane won on time"]

1. h3 e5 2. g4 d5 3. Bg2 c6 4. d4 e4 5. c4 h5 6. Nc3 hxg4 7.
cxd5 cxd5 8. Qb3 Nf6 9. Bg5 Nbd7 10. hxg4 Rxh1 11. Bxh1 Be7 12. e3 Nb6 13. f3 exf3 14.
Nxf3 Nxg4 15. Bf4 Bf5 16. Ne5 g5 17. Bg3 Nxe3 18. Kf2 Nc2 19. Nxd5 Nxd5 20. Bxd5 Qb6 21. Bc6+ bxc6 22. Qxf7+ Kd8 23. Qg8+ Kc7 24. Qxa8 Qxd4+ 25. Kg2 Ne3+ 26. Kh1 Qe4+ 27. Nf3+ Kb6 28. Qb8+ Ka6 0-1

[Event "*** Titled Tuesday Blitz"]
[Site "Chess.com"]
[Date "2021.03.30"]
[Round "4"]
[White "2nd_life"]
[Black "manitodeplomo"]
[Result "0-1"]
[WhiteElo "2396"]
[BlackElo "2579"]
[TimeControl "180+1"]
[EndTime "10:38:55 PDT"]
[Termination "manitodeplomo won by resignation"]

1. e4 e6 2. Nf3 c5 3. c3 d5 4. exd5 Qxd5 5. d4 Nf6 6. Bd3 Be7 7. O-O O-O 8. Be3 Rd8 9. Qe2 cxd4 10. cxd4 Nc6 11.
Nc3 Qd6 12. a3 a6 13. Rac1 Bd7 14. Rfd1 Be8 15. Bb1 Rac8 16. Ba2 Qb8 17. h3 Nd5 18. Ne4 Nxe3 19. Qxe3 Bf8 20. b4 Ne7 21. Ne5 Nf5 22. Rxc8 Qxc8 23. Qg5 Be7 24. Qg4 Rxd4 25. Rxd4 Nxd4 26.
f4 Qc2 27. Bxe6 fxe6 28. Ng5 Qf5 29. Qg3 0-1

[Event "*** Titled Tuesday Blitz"]
[Site "Chess.com"]
[Date "2021.03.30"]
[Round "4"]
[White "Make_it_shine060"]
[Black "morte-negra"]
[Result "0-1"]
[WhiteElo "2213"]
[BlackElo "1896"]
[TimeControl "180+1"]
[EndTime "10:38:55 PDT"]
[Termination "morte-negra won by checkmate"]

1. d4 Nf6 2. c4 c5 3. d5 e6 4. Nc3 exd5 5. cxd5 d6 6. e4 g6 7. Nge2 Bg7 8. Ng3 O-O 9. Bd3 a6 10. a4 Nbd7 11. O-O Re8 12. Re1 Rb8 13. h3 Qc7 14. a5 c4 15. Bf1 b5 16. axb6 Nxb6 17.
Be3 Bd7 18. Qc2 Bb5 19. Nxb5 axb5 20. Ra6 Nbd7 21. Rc6 Qa5 22. Bd2 Qa2 23. Rxd6 Nc5 24. Bc3 Nfd7 25. Bxg7 Kxg7 26. e5 Nxe5 27. f4 Ned3 28.
Qc3+ Kg8 29. Rxe8+ Rxe8 30. f5 Qxb2 31. Qa5 Qf2+ 32.
Kh2 Ne1 33. Re6 Nf3+ 34. Kh1 Qg1# 0-1

[Event "*** Titled Tuesday Blitz"]
[Site "Chess.com"]
[Date "2021.03.30"]
[Round "4"]
[White "GM_Crest"]
[Black "WanderingPuppet"]
[Result "1-0"]
[WhiteElo "2738"]
[BlackElo "2511"]
[TimeControl "180+1"]
[EndTime "10:38:56 PDT"]
[Termination "GM_Crest won on time"]

1. d4 Nf6 2. c4 e6 3. Nc3 Bb4 4. e3 O-O 5. Ne2 d5 6. a3 Bd6 7. c5 Be7 8. b4 b6 9. Nf4 a5 10. Bd2 axb4 11. axb4 Rxa1 12. Qxa1 Nc6 13. Qa4 e5 14.
Qxc6 exf4 15. exf4 Bd7 16. Qb7 Qa8 17. Qxa8 Rxa8 18.
Bd3 Ra1+ 19. Nb1 Ne4 20. O-O g6 21. Be3 Bf6 22. f3 bxc5 23. bxc5 Nxc5 24. dxc5 Ba4 25. c6 Bxc6 26. Rc1 Ba4 27. Rxc7 1-0

[Event "*** Titled Tuesday Blitz"]
[Site "Chess.com"]
[Date "2021.03.30"]
[Round "4"]
[White "Tea99"]
[Black "Rakesh"]
[Result "0-1"]
[WhiteElo "2293"]
[BlackElo "2478"]
[TimeControl "180+1"]
[EndTime "10:38:56 PDT"]
[Termination "Rakesh won by checkmate"]

1. e4 e6 2. d4 c5 3. Nf3 cxd4 4. Nxd4 a6 5. c4 Nf6 6. Nc3 Bb4 7. Bd3 Nc6 8. Nxc6 dxc6 9. O-O e5 10. Ne2 O-O 11.
a3 Bc5 12. Bg5 h6 13. Bh4 Bg4 14. h3 Bxe2 15. Qxe2 g5 16. Bg3 Qe7 17. h4 Kg7 18. Qf3 Qe6 19. Rad1 Rad8 20. Rfe1 Bd4 21. b3 a5 22. Bc2 Rfe8 23. hxg5 hxg5 24. Qe2 Rh8 25. Qf3 Nh5 26. Kf1 Qf6 27. Ke2 Rd6 28. Rd3 Qxf3+ 29.
Rxf3 Rhd8 30. Rd1 g4 31. Rfd3 Rf6 32. Rf1 b6 33. Bh2 Rdd6 34. Rxd4 exd4 35. Be5 Nf4+ 36. Kd2 Nxg2 37. Bxf6+ Rxf6 38. Bd1 Rf4 39. Rg1 Rxf2+ 40. Kd3 c5 41. Bxg4 Kf6 42. Bh3 Nf4# 0-1

[Event "*** Titled Tuesday Blitz"]
[Site "Chess.com"]
[Date "2021.03.30"]
[Round "4"]
[White "Mikhal867"]
[Black "Fighter008"]
[Result "1-0"]
[WhiteElo "2428"]
[BlackElo "2587"]
[TimeControl "180+1"]
[EndTime "10:38:57 PDT"]
[Termination "Mikhal867 won by resignation"]

1. c4 g6 2. d4 Bg7 3. e4 d6 4. Nc3 Nf6 5. f3 O-O 6. Be3 c6 7. Qd2 a6 8. a4 e5 9. d5 cxd5 10. cxd5 Nh5 11. Bd3 Nd7 12. Nge2 f5 13. O-O f4 14. Bf2 g5 15. a5 Qf6 16. Na4 Qg6 17.
h3 Nhf6 18. Rac1 h5 19. g4 fxg3 20. Nxg3 Nc5 21. Nxc5 dxc5 22. Nf5 g4 23. fxg4 Rf7 24. Nh4 Qh7 25. g5 Nxe4 26. Qc2 Rf4 27. g6 Qh6 28. Bxe4 Bxh3 29. Bg2 Rg4 30. Kh1 Bxg2+ 31. Nxg2 h4 32. Ne3 Rf4 33. Nf5 Qh5 34. Ne7+ Kh8 35. Qd1 Qg5 36. d6 Raf8 37. Rg1 Qh6 38. Be3 e4 39. d7 Rd8 40. Qd2 Be5 41. Bxf4 Bxf4 42. g7+ Kh7 43. Qd5 Bg5 44. Qxe4+ Kxg7 45. Nf5+ Kg6 46. Nxh6+ Kxh6 47. Rxg5 1-0

[Event "*** Titled Tuesday Blitz"]
[Site "Chess.com"]
[Date "2021.03.30"]
[Round "4"]
[White "KNVB"]
[Black "sau6on"]
[Result "0-1"]
[WhiteElo "2651"]
[BlackElo "2394"]
[TimeControl "180+1"]
[EndTime "10:38:57 PDT"]
[Termination "sau6on won on time"]

1. e4 c5 2. Nf3 d6 3. c3 Nf6 4. Be2 Nc6 5. d4 cxd4 6. cxd4 Nxe4 7. d5 Qa5+ 8. Nc3 Nxc3 9. bxc3 Ne5 10. Nxe5 Qxc3+ 11. Bd2 Qxe5 12. O-O Qxd5 13. Bf3 Qd4 14. Qe2 Qa4 15.
Rac1 e6 16. Rc7 Be7 17. Rfc1 Kd8 18. Qd3 Re8 19. Bg5 d5 20. Bxd5 exd5 21. Qxd5+ Bd7 22. Be3 Bf6 23. Qxb7 Qe4 0-1

[Event "*** Titled Tuesday Blitz"]
[Site "Chess.com"]
[Date "2021.03.30"]
[Round "4"]
[White "davigator"]
[Black "yuki_chess123"]
[Result "1-0"]
[WhiteElo "2433"]
[BlackElo "2243"]
[TimeControl "180+1"]
[EndTime "10:38:58 PDT"]
[Termination "davigator won on time"]

1. e4 g6 2. d4 Bg7 3. Nc3 c6 4. d5 d6 5. h3 Nf6 6. Nf3 O-O 7. Be2 a6 8. O-O b5 9. a3 Bb7 10. Bg5 Nbd7 11. Qd2 Rc8 12. Rfe1 cxd5 13. exd5 Nb6 14. Rad1 Nbxd5 15. Nxd5 Nxd5 16. c3 Re8 17. Nd4 Nf6 18.
Bf3 Bxf3 19. Nxf3 Qd7 20. Re2 Rc4 21. Rde1 Qb7 22. Qd3 h6 23. Bh4 Qd5 24. Qc2 e5 25. Rd1 Qc6 26. Red2 Ne4 27. Rd5 g5 28. Bg3 f5 29.
Bh2 Rc5 30. R5d3 f4 31. Re1 d5 32. Rdd1 Rc8 33. Qd3 a5 34. Nd2 Nxd2 35. Rxd2 e4 36. Qe2 Rc4 37. Red1 Rd8 38. Qg4 d4 39. h4 d3 40.
hxg5 hxg5 41. Qxg5 e3 42. fxe3 1-0

[Event "*** Titled Tuesday Blitz"]
[Site "Chess.com"]
[Date "2021.03.30"]
[Round "4"]
[White "Vandros57"]
[Black "ViktoriyaTarasova"]
[Result "0-1"]
[WhiteElo "2204"]
[BlackElo "2407"]
[TimeControl "180+1"]
[EndTime "10:38:58 PDT"]
[Termination "ViktoriyaTarasova won on time"]

1. d4 Nf6 2. c4 e6 3. Nf3 b6 4. g3 Ba6 5. Qa4 c5 6. Bg2 Bb7 7. O-O cxd4 8. Nxd4 Bxg2 9. Kxg2 Qc8 10. Bf4 Qb7+ 11. f3 a6 12. Nc3 Be7 13. Rfd1 O-O 14.
Bxb8 Raxb8 15. e4 d6 16. Rac1 Rfc8 17. Nce2 Nd7 18. b4 Ne5 19. Qb3 b5 20. cxb5 axb5 21. h3 Nc4 22. Kh2 Bf6 23. h4 Ra8 24. Rc2 Ra3 25.
Qb1 h6 26. h5 d5 27. Rc3 Rca8 28. exd5 exd5 29. Rxa3 Rxa3 30. Qf5 Rxa2 31. Kh3 Ne3 32.
Qf4 Nxd1 0-1

[Event "*** Titled Tuesday Blitz"]
[Site "Chess.com"]
[Date "2021.03.30"]
[Round "4"]
[White "Zipa5"]
[Black "Bishops83"]
[Result "0-1"]
[WhiteElo "1918"]
[BlackElo "2241"]
[TimeControl "180+1"]
[EndTime "10:38:58 PDT"]
[Termination "Bishops83 won on time"]

1. Nf3 c5 2. c4 g6 3. d4 cxd4 4. Nxd4 Nc6 5. Nc2 Bg7 6. e4 Nf6 7. Nc3 d6 8. f3 O-O 9. Be3 Nd7 10.
Qd2 a6 11. Be2 Nc5 12. O-O f5 13. exf5 Bxf5 14. Nd4 Nxd4 15. Bxd4 Bxd4+ 16. Qxd4 e5 17. Qd2 Ne6 18. Bd3 Bxd3 19. Qxd3 Nf4 20. Qd2 Rc8 21. b3 b5 22. Rf2 bxc4 23. bxc4 Rxc4 24. Rd1 Rd4 25.
Qc1 Rxd1+ 26. Qxd1 Qa5 0-1

[Event "*** Titled Tuesday Blitz"]
[Site "Chess.com"]
[Date "2021.03.30"]
[Round "4"]
[White "federicosellitti"]
[Black "KuzubovYuriy"]
[Result "0-1"]
[WhiteElo "2543"]
[BlackElo "2856"]
[TimeControl "180+1"]
[EndTime "10:38:59 PDT"]
[Termination "KuzubovYuriy won on time"]

1. e4 c5 2. Nc3 Nc6 3. g3 e6 4. Bg2 Nf6 5. f4 d5 6. e5 Nd7 7. Nf3 b6 8. O-O Bb7 9. d3 Be7 10. Qe2 O-O 11. g4 Kh8 12. f5 d4 13. Nb5 a6 14.
Na3 b5 15. Bf4 Nb6 16. Rae1 Nd5 17. Bd2 Qc7 18. fxe6 fxe6 19. Ng5 Qd7 20. Rxf8+ Rxf8 21. Rf1 Rxf1+ 22. Bxf1 Kg8 23. Bg2 h6 24. Nh3 Qc7 25.
Nf4 Nxf4 26. Bxf4 Nb4 27. c3 Bxg2 28. cxb4 Bb7 29. bxc5 Qxc5 30. Nc2 Qd5 31. Kf2 Bh4+ 0-1

[Event "*** Titled Tuesday Blitz"]
[Site "Chess.com"]
[Date "2021.03.30"]
[Round "4"]
[White "adricalderon8"]
[Black "ckgchess"]
[Result "1-0"]
[WhiteElo "2514"]
[BlackElo "2691"]
[TimeControl "180+1"]
[EndTime "10:38:59 PDT"]
[Termination "adricalderon8 won on time"]

1. Nf3 g6 2. e4 c5 3. d4 cxd4 4. Nxd4 Bg7 5. c4 Nc6 6. Be3 Nf6 7. Nc3 O-O 8. Be2 e6 9. O-O d5 10. cxd5 exd5 11. Nxc6 bxc6 12. e5 Ne8 13. f4 Nc7 14. Bc5 Re8 15. Rc1 Ne6 16. Bd6 Qb6+ 17. Kh1 Qxb2 18.
Na4 Qxa2 19. Ra1 Qxa1 20. Qxa1 g5 21. f5 Nf4 22. Bd1 Bxf5 23. Nc5 Bg6 24. g3 Ne6 25. Nxe6 Rxe6 26. Qa6 Rae8 27. Qxc6 Bxe5 28. Bf3 Bxd6 29. Bxd5 Re1 30. Kg2 Bf8 31. Rf6 R8e2+ 32. Kh3 Re5 33. Rxg6+ hxg6 34. Qxg6+ Kh8 35. Qh5+ 1-0

[Event "*** Titled Tuesday Blitz"]
[Site "Chess.com"]
[Date "2021.03.30"]
[Round "4"]
[White "Olga_Zhuravleva"]
[Black "vlad_Sid"]
[Result "0-1"]
[WhiteElo "2314"]
[BlackElo "2573"]
[TimeControl "180+1"]
[EndTime "10:38:59 PDT"]
[Termination "vlad_Sid won by checkmate"]

1. e4 c6 2. Nf3 d5 3. Nc3 dxe4 4.
Nxe4 Nf6 5. Ng3 h5 6. h3 h4 7. Ne2 Bf5 8. d3 Nbd7 9. Bg5 e5 10. Qd2 Bc5 11. Bxh4 Qb6 12. O-O-O e4 13. dxe4 Nxe4 14. Qf4 g6 15. Ned4 Nd6 16. g4 Be4 17. Bg3 g5 18. Qe3 Nf6 19. Nxg5 O-O-O 20. f3 Bg6 21. Bxd6 Rxd6 22. Qf4 Rhd8 23. Bd3 Bxd4 24. c3 Be3+ 25. Kc2 Bxf4 26. Bf5+ Bxf5+ 27. gxf5 Rd2+ 28. Rxd2 Rxd2+ 29. Kb1 Qxb2# 0-1

[Event "*** Titled Tuesday Blitz"]
[Site "Chess.com"]
[Date "2021.03.30"]
[Round "4"]
[White "MatyChess1"]
[Black "djano"]
[Result "1-0"]
[WhiteElo "2619"]
[BlackElo "2442"]
[TimeControl "180+1"]
[EndTime "10:39:00 PDT"]
[Termination "MatyChess1 won by checkmate"]

1. e4 c5 2. Nf3 g6 3. g3 Bg7 4. Bg2 Nf6 5. d3 O-O 6. O-O Nc6 7. Re1 d6 8. c3 Rb8 9. h3 b5 10. d4 cxd4 11. cxd4 e5 12. d5 Ne7 13. Nc3 b4 14. Nb1 Nd7 15. Be3 a5 16. Nbd2 Ba6 17. h4 h6 18. h5 g5 19. Qb3 f5 20. exf5 Nxf5 21. a3 bxa3 22. Qxa3 e4 23. Nxe4 Bxb2 24. Qxa5 Bxa1 25. Qxa6 Nxe3 26. Rxe3 Rb1+ 27. Kh2 g4 28. Nh4 Be5 29. Ng6 Rf7 30. Qe2 Nf6 31. Nxf6+ Qxf6 32. Qxg4 Qg5 33. Qc8+ Kg7 34. Qh8# 1-0

[Event "*** Titled Tuesday Blitz"]
[Site "Chess.com"]
[Date "2021.03.30"]
[Round "4"]
[White "Orlov_Oleg"]
[Black "ErikRonka"]
[Result "1/2-1/2"]
[WhiteElo "2593"]
[BlackElo "2402"]
[TimeControl "180+1"]
[EndTime "10:39:01 PDT"]
[Termination "Game drawn by agreement"]

1. Nf3 d5 2. c4 c6 3. g3 Nf6 4. Bg2 Bg4 5. Ne5 Be6 6. cxd5 Bxd5 7. Nf3 c5 8. Nc3 Bc6 9. O-O e6 10. d4 Nbd7 11. Re1 cxd4 12. Qxd4 Bc5 13. Qc4 Rc8 14. Qh4 Qb6 15. e3 O-O 16. Na4 Qb4 17. Nc3 Qxh4 18. Nxh4 Bxg2 19. Nxg2 Rfd8 20. Nf4 Ne5 21. Kg2 Bb4 22.
Nfe2 Ne4 23. a4 Nd3 24. Rf1 Nxc3 25. Nxc3 Bxc3 26. bxc3 Rxc3 27. a5 f6 28. e4 Nxc1 29.
Rfxc1 Rdc8 30. Rcb1 R8c7 31. Rb4 Kf7 32. Rab1 b6 33.
axb6 axb6 34. Rxb6 R3c4 35. Rb7 Rxb7 36. Rxb7+ Kg6 37. Kf3 e5 38. h4 Rc3+ 39. Kg2 h5 40.
Ra7 Rc4 41. Kf3 Rc3+ 42. Ke2 Rc4 43. Kd3 Rd4+ 44. Ke3 Rb4 45. f4 Rb3+ 46. Kf2 Rb2+ 47. Kf3 Rb3+ 48. Kg2 Rb4 49. f5+ Kh6 50. Ra8 Kh7 51. Kf3 Rb3+ 52. Kg2 Rb4 53. Kf3 Rb3+ 54. Kf2 Rb4 55. Ke3 Rb3+ 56. Kf2 Rb4 1/2-1/2

[Event "*** Titled Tuesday Blitz"]
[Site "Chess.com"]
[Date "2021.03.30"]
[Round "4"]
[White "J36225"]
[Black "stepakyedael"]
[Result "1-0"]
[WhiteElo "2496"]
[BlackElo "2301"]
[TimeControl "180+1"]
[EndTime "10:39:02 PDT"]
[Termination "J36225 won by checkmate"]

1. e4 c5 2. Nf3 e6 3. d4 cxd4 4. Nxd4 a6 5. c4 Qc7 6. Nc3 Nf6 7. Qd3 Nc6 8. Nxc6 bxc6 9. Bg5 Bd6 10. Be2 Be5 11. Rd1 Rb8 12. b3 O-O 13. O-O Bxh2+ 14.
Kh1 Be5 15. Nb1 h6 16. Bh4 g5 17. Bg3 Kg7 18. Bxe5 Qxe5 19. Nd2 g4 20. f4 gxf3 21.
Rxf3 Ng8 22. Rdf1 a5 23. Rf4 a4 24. Qg3+ Kh8 25. Nf3 Qg7 26. Rg4 Qh7 27. Ne5 Rb7 28.
Ng6+ fxg6 29. Rxf8 axb3 30. axb3 Rb8 31. Rxg6 Ba6 32.
Rgxg8+ Qxg8 33. Qxg8# 1-0